 Dungeon Crawl Stone Soup version 0.26.1-11-gd32895ea62 (webtiles) character file.

Game seed: 2532819809883866933

28 Uileat the Stinger (level 3, -5/21 HPs)
             Began as a Halfling Venom Mage on June 3, 2021.
             Slain by a gnoll
             ... wielding a +0 spear
              (7 damage)
             ... on level 2 of the Dungeon.
             The game lasted 00:09:09 (1234 turns).

Uileat the Stinger (Halfling Venom Mage)            Turns: 1234, Time: 00:09:11

Health: -5/21      AC:  2    Str:  9    XL:     3   Next: 27%
Magic:  0/5        EV: 15    Int: 14    God:
Gold:   54         SH:  0    Dex: 14    Spells: 4/5 levels left

rFire    . . .     SeeInvis .   d - -2 spear (curse)
rCold    + . .     Faith    .   (shield restricted)
rNeg     . . .     Spirit   .   a - +0 robe
rPois    .         Reflect  .   (no helmet)
rElec    .         Harm     .   (no cloak)
rCorr    .         Rampage  .   (no gloves)
Will     .....                  (no boots)
Stlth    ++........             (no amulet)
HPRegen  0.07/turn              f - ring of protection from cold
MPRegen  0.09/turn              (no ring)

@: no status effects
A: small, mutation resistance 1
a: no special abilities


You were on level 2 of the Dungeon.
You visited 1 branch of the dungeon, and saw 2 of its levels.

You collected 54 gold pieces.

Inventory:

Hand Weapons
 d - a cursed -2 spear (weapon)
Armour
 a - a +0 robe (worn)
Jewellery
 f - a ring of protection from cold (left hand)
Scrolls
 c - a scroll of random uselessness
Potions
 b - 2 potions of heal wounds
 e - a potion of mutation {unknown}


   Skills:
 + Level 2.3 Dodging
 + Level 2.3 Stealth
 + Level 1.8 Spellcasting
 + Level 1.1 Transmutations
 + Level 3.4 Poison Magic


You had 4 spell levels left.
You knew the following spells:

 Your Spells              Type           Power        Failure   Level
a - Sting                 Tmut/Pois      28%          10%         1

Your spell library contained the following spells:

 Spells                   Type           Power        Failure   Level
 Poisonous Vapours        Pois/Air       12%          19%         2
 Ignite Poison            Fire/Tmut/Pois 5%           36%         3
 Mephitic Cloud           Conj/Pois/Air  4%           41%         3
 Olgreb's Toxic Radiance  Pois           10%          52%         4


Dungeon Overview and Level Annotations

Branches:
Dungeon (2/15)

Altars:


Innate Abilities, Weirdness & Mutations

You are small and have problems with some larger weapons.
You are somewhat resistant to further mutation.


Message History

The gnoll is lightly wounded.
The gnoll barely misses you.
Casting: Sting (safe; 10% risk of failure)
Confirm with . or Enter, or press ? or * to list all spells.
Aiming: Sting (safe; 10% risk of failure)
Press: ? - help, Shift-Dir - straight line, f - gnoll
Aim: a gnoll, wielding a +0 spear (lightly wounded, 28% to evade)
The sting hits the gnoll.
The gnoll is poisoned.
The gnoll is moderately wounded.
The gnoll barely misses you.
You barely miss the gnoll.
The gnoll is moderately wounded.
The gnoll hits you with a +0 spear.
* * * LOW HITPOINT WARNING * * *
You barely miss the gnoll.
The gnoll is heavily wounded.
The gnoll hits you with a +0 spear.
* * * LOW HITPOINT WARNING * * *
The gnoll hits you with a +0 spear!
You die...

#######
#.....#############
#.....#..).g....).#
#.....#g####'###...
#..g@.#.# ...
####..####.# .....
###.....####.# ...g...
...........g.# .......
.######..#########+######
.........# #........#####
.####.#..# #.............
#.#..# #.........##.#
.#..######..#
#.........##.#


You could see a gnoll (poisoned).

Vanquished Creatures
  A gnoll (D:2)
  A leopard gecko (D:1)
  A bat (D:1)
  2 giant cockroaches (D:1)
  2 goblins (D:1)
  2 hobgoblins
  A jackal (D:1)
  A kobold (D:1)
  2 frilled lizards
  3 rats (D:1)
16 creatures vanquished.

Notes
Turn   | Place    | Note
-------+----------+-------------------------------------------
     0 | D:1      | Uileat the Halfling Venom Mage began the quest for the Orb.
     0 | D:1      | Reached XP level 1. HP: 11/11 MP: 3/3
   285 | D:1      | Reached XP level 2. HP: 16/17 MP: 0/4
  1204 | D:2      | Reached skill level 1 in Transmutations
  1204 | D:2      | Reached XP level 3. HP: 21/21 MP: 0/5
  1234 | D:2      | Slain by a gnoll

Illustrated notes

Levels and vault maps discovered:
D:1:      eino_arrival_cavern_a, layout_loops_ring, minmay_pentomino_z2
D:2:      layout_basic

Skill      XL: |  1  2 |
---------------+-------+-----
Transmutations | 1 |  1.1
Dodging        | |  2.3
Stealth        | |  2.3
Spellcasting   | |  1.8
Poison Magic   | |  3.4

Action                   || total
-------------------------++-------
Melee: Unarmed           ||     5
       Spear             ||    10
 Cast: Sting             ||    33
  Use: Scroll            ||     2
Armor: Robe              ||     4
Dodge: Dodged            ||    24
